 Dungeon Crawl Stone Soup version 0.30.0-29-ga12c61a403 (webtiles) character file.

Game seed: 7930123969218054691

520 qw the Chopper (level 7, -3/43 HPs)
             Began as a Gargoyle Fighter on June 3, 2023.
             Killed from afar by Blork the orc (10 damage)
             ... with a puff of frost
             ... on level 5 of the Dungeon.
             The game lasted 00:02:03 (3467 turns).

qw the Chopper (Gargoyle Fighter)                   Turns: 3467, Time: 00:02:03

Health: -3/43      AC: 16    Str: 21    XL:     7   Next: 21%
Magic:  7/7        EV:  8    Int:  9    God:
Gold:   247        SH:  4    Dex:  9    Spells: 6/6 levels left

rFire   . . .        Y - +0 war axe (flame)
rCold   . . .        c - +0 buckler
rNeg    + . .        j - +0 chain mail
rPois   inf          e - +0 helmet
rElec   +            (no cloak)
rCorr   .            a - +0 pair of gloves
SInv    +            (no boots)
Will    .....        (no amulet) Stlth
                     k - ring of see invisible
HPRegen 0.27/turn    (no ring)
MPRegen 0.10/turn

%: no passive effects
@: about to teleport
A: sickness immunity, AC +4, negative energy resistance 1, electricity
resistance, torment resistance 1, petrification resistance
a: no special abilities


You were on level 5 of the Dungeon.
You visited 1 branch of the dungeon, and saw 5 of its levels.

You collected 247 gold pieces.


Innate Abilities, Weirdness & Mutations

You are immune to sickness and miasma.
Your stone body is resilient. (AC +4)
You are immune to poison.
You resist negative energy. (rN+)
You are resistant to electric shocks. (rElec)
You are resistant to unholy torment.
You are immune to petrification.


   Skills:
 - Level 4.0 Fighting
 + Level 6.5 Axes
 - Level 3.2 Armour
 - Level 1.0 Dodging
 - Level 3.2 Shields


You had 6 spell levels left.
You didn't know any spells.
Your spell library was empty.

Inventory:

Hand Weapons
 Y - a +0 war axe of flaming (weapon)
Armour
 a - a +0 pair of gloves (worn)
 c - a +0 buckler (worn)
 e - a +0 helmet (worn)
 j - a +0 chain mail (worn)
Jewellery
 k - a ring of see invisible (left hand)
Potions
 b - a potion of curing {unknown}
 d - a potion of might
 f - a potion of magic {unknown}
 h - a potion of heal wounds
 i - a potion of resistance {unknown}
 l - a potion of attraction {unknown}

Dungeon Overview and Level Annotations

Branches:
Dungeon (5/15)
 Temple: D:4-7

Altars:
Elyvilon
Gozag
Trog
Uskayaw
Wu Jian

Annotations:
D:5 Blork the orc, Sigmund


Message History

Blork the orc hits you but does no damage.
The orc wizard hits you but does no damage.
Blork the orc hits you but does no damage.
You block Sigmund's attack.
You hit the orc wizard. You burn the orc wizard.
The orc wizard is lightly wounded.
You hit the orc. You burn the orc.
Blork the orc hits you from afar with a +0 trident.
The orc wizard hits you but does no damage.
Blork the orc looks satisfied for a moment.
You closely miss the orc.
The orc is almost dead.
You hit the orc wizard. You burn the orc wizard.
Sigmund zaps a wand.
The bolt of dispelling energy hits the orc!
The orc dies!
The bolt of dispelling energy hits you! You block the orc wizard's attack.
Blork the orc hits you from afar with a +0 trident.
Sigmund barely misses you. The orc wizard barely misses you.
You slash the orc wizard! You burn the orc wizard.
You kill the orc wizard!
Blork the orc hits you but does no damage.
You block Blork the orc's attack. Blork the orc closely misses you.
Sigmund hits you but does no damage. Blork the orc barely misses you.
Things that are here:
a +0 hand axe; a +0 leather armour; an orc corpse You closely miss Sigmund.
Blork the orc hits you but does no damage.
Sigmund hits you but does no damage.
Blork the orc hits you but does no damage.
You barely miss Sigmund.
Blork the orc hits you from afar with a +0 trident.
Sigmund hits you with a +0 scythe. You block Blork the orc's attack.
3467 ||| READING scroll of teleportation.
As you read the scroll of teleportation, it crumbles to dust.
You feel strangely unstable. Blork the orc casts a spell at you.
The puff of frost hits you!
You die...

.. ..# ##... ##..#
......###...#
............####.
........... .....
....... ..#......
..#....##@#......
.........@)......
.......$..)o....#
#.......#.#.###.#
#.#..#..#.#.# #.
#.#..#..#.# # #..
#.#..#..#.#
#..###.#..#..#.#####.
.#....................
...........#.#######..


You could see Blork the orc (fast) and Sigmund.

Vanquished Creatures
  An ogre (D:4)
  4 orc priests
  Terence (D:3)
  3 orc wizards
  3 adders
  3 gnolls (D:4)
  4 worms
  10 dart slugs
  12 orcs
  2 bats
  11 endoplasms
  2 giant cockroaches
  7 goblins
  6 hobgoblins
  18 jackals
  12 kobolds
  3 quokkas
  5 ball pythons
  5 frilled lizards
  5 rats
117 creatures vanquished.

Vanquished Creatures (others)
  An orc (D:5)
  A kobold (D:3)
2 creatures vanquished.

Grand Total: 119 creatures vanquished

Notes
Turn   | Place    | Note
-------+----------+-------------------------------------------
     0 | D:1      | qw the Gargoyle Fighter began the quest for the Orb.
     0 | D:1      | Reached XP level 1. HP: 14/14 MP: 1/1
     0 | D:1      | 0 ||| qw: Version: 0.2-a-103-g5a998e5
     0 | D:1      | 0 ||| qw: Game counter: 999
     0 | D:1      | 0 ||| qw: Always use a shield: true
     0 | D:1      | 0 ||| qw: God list: Okawaru
     0 | D:1      | 0 ||| qw: Allow faded altars: false
     0 | D:1      | 0 ||| qw: Do Orc after D:15 true
     0 | D:1      | 0 ||| qw: Do second Lair branch before Depths: true
     0 | D:1      | 0 ||| qw: Lair rune preference: random
     0 | D:1      | 0 ||| qw: Plans: Normal, Zot:1-4, Slime:5, God:TSO, Crypt,
                  | Tomb, Pan, Hells, Abyss, Win
     0 | D:1      | 0 ||| PLANNING D:1-11
    73 | D:1      | 73 ||| Stepping ~*~*~tactically~*~*~ (hiding).
    74 | D:1      | 74 ||| Stepping ~*~*~tactically~*~*~ (hiding).
    83 | D:1      | Reached skill level 2 in Axes
   180 | D:1      | Reached XP level 2. HP: 19/19 MP: 2/2
  1081 | D:1      | 1081 ||| DROPPING scarf of invisibility.
  1082 | D:1      | 1082 ||| READING 2 scrolls labelled IPPOME YSEXYDD.
  1083 | D:1      | 1083 ||| READING scroll labelled SYIZU TUINITEH.
  1084 | D:1      | 1084 ||| READING scroll labelled JOFESH CUSYOSA.
  1085 | D:1      | 1085 ||| READING scroll labelled PAHIOC ZOFIZYFO.
  1086 | D:1      | 1086 ||| READING scroll labelled DAIH SOETWEI.
  1087 | D:1      | 1087 ||| DROPPING scroll of amnesia.
  1136 | D:2      | Reached skill level 3 in Axes
  1136 | D:2      | Reached XP level 3. HP: 20/23 MP: 3/3
  1233 | D:2      | Reached XP level 4. HP: 14/28 MP: 4/4
  1298 | D:2      | 1298 ||| DROPPING +0 club.
  1371 | D:2      | Reached skill level 4 in Axes
  1405 | D:2      | Found a hide-covered altar of Uskayaw.
  1599 | D:2      | 1599 ||| FLEEEEING.
  1600 | D:2      | 1600 ||| FLEEEEING.
  1601 | D:2      | 1601 ||| FLEEEEING.
  1602 | D:2      | 1602 ||| FLEEEEING.
  1603 | D:2      | 1603 ||| FLEEEEING.
  1640 | D:2      | 1640 ||| Stepping ~*~*~tactically~*~*~ (stealth).
  1647 | D:2      | 1647 ||| Stepping ~*~*~tactically~*~*~ (stealth).
  1649 | D:2      | 1649 ||| Stepping ~*~*~tactically~*~*~ (stealth).
  1805 | D:2      | 1805 ||| UPGRADING to +0 pair of gloves.
  1810 | D:2      | 1810 ||| UPGRADING to +0 helmet.
  1815 | D:2      | 1815 ||| UPGRADING to +0 chain mail.
  1825 | D:2      | 1825 ||| DROPPING +0 scale mail.
  1826 | D:2      | 1826 ||| UPGRADING to ring of see invisible.
  1827 | D:2      | 1827 ||| DRINKING 2 sedimented red potions.
  1828 | D:2      | 1828 ||| DROPPING potion of degeneration.
  1880 | D:3      | 1880 ||| DROPPING +0 whip.
  2007 | D:3      | Noticed Terence
  2015 | D:3      | Killed Terence
  2016 | D:3      | Reached XP level 5. HP: 32/32 MP: 5/5
  2029 | D:3      | 2029 ||| Stepping ~*~*~tactically~*~*~ (hiding).
  2203 | D:3      | Found a bloodstained altar of Trog.
  2309 | D:3      | 2309 ||| Stepping ~*~*~tactically~*~*~ (stealth).
  2337 | D:3      | Found an ornate altar of the Wu Jian Council.
  2343 | D:3      | Reached skill level 5 in Axes
  2345 | D:3      | 2345 ||| Stepping ~*~*~tactically~*~*~ (stealth).
  2349 | D:3      | 2349 ||| READING scroll labelled VYRI LIEGEM.
  2350 | D:3      | 2350 ||| DROPPING +2 whip of flaming.
  2461 | D:3      | 2461 ||| Stepping ~*~*~tactically~*~*~ (stealth).
  2462 | D:3      | 2462 ||| Stepping ~*~*~tactically~*~*~ (stealth).
  2560 | D:3      | 2560 ||| FLEEEEING.
  2561 | D:3      | 2561 ||| FLEEEEING.
  2562 | D:3      | 2562 ||| FLEEEEING.
  2563 | D:3      | 2563 ||| FLEEEEING.
  2567 | D:3      | 2567 ||| READING scroll labelled QEVETHR XUSCHISCH.
  2579 | D:3      | 2579 ||| READING 2 scrolls labelled OMPEUNG RUUL.
  2580 | D:3      | 2580 ||| DROPPING scroll of immolation.
  2649 | D:4      | 2649 ||| Stepping ~*~*~tactically~*~*~ (hiding).
  2652 | D:4      | 2652 ||| Stepping ~*~*~tactically~*~*~ (hiding).
  2686 | D:4      | 2686 ||| Stepping ~*~*~tactically~*~*~ (stealth).
  2716 | D:4      | HP: 8/33 [orc priest/divine providence (13)]
  2717 | D:4      | 2717 ||| DRINKING 2 potions of heal wounds.
  2721 | D:4      | Reached XP level 6. HP: 35/38 MP: 6/6
  2824 | D:4      | 2824 ||| Stepping ~*~*~tactically~*~*~ (stealth).
  2840 | D:4      | 2840 ||| Stepping ~*~*~tactically~*~*~ (stealth).
  2847 | D:4      | Reached skill level 6 in Axes
  2877 | D:4      | 2877 ||| Stepping ~*~*~tactically~*~*~ (stealth).
  2886 | D:4      | 2886 ||| Stepping ~*~*~tactically~*~*~ (stealth).
  2980 | D:4      | 2980 ||| Stepping ~*~*~tactically~*~*~ (stealth).
  2989 | D:4      | 2989 ||| Stepping ~*~*~tactically~*~*~ (stealth).
  3036 | D:4      | Found an opulent altar of Gozag.
  3079 | D:4      | Found a white marble altar of Elyvilon.
  3195 | D:4      | Reached skill level 1 in Dodging
  3224 | D:4      | 3224 ||| Stepping ~*~*~tactically~*~*~ (stealth).
  3225 | D:4      | 3225 ||| Stepping ~*~*~tactically~*~*~ (stealth).
  3248 | D:4      | 3248 ||| READING 2 scrolls labelled ISOLEIMP GITHRO.
  3253 | D:4      | 3253 ||| READING 2 scrolls labelled DEPHIGR APROMI.
  3254 | D:4      | 3254 ||| READING scroll labelled TEN ERGHACUA.
  3285 | D:4      | 3285 ||| READING scroll labelled COHORUA LYCUANG.
  3286 | D:4      | 3286 ||| DROPPING scroll of poison.
  3289 | D:5      | Entered Level 5 of the Dungeon
  3310 | D:5      | 3310 ||| Stepping ~*~*~tactically~*~*~ (hiding).
  3311 | D:5      | 3311 ||| Stepping ~*~*~tactically~*~*~ (hiding).
  3327 | D:5      | Reached XP level 7. HP: 13/43 MP: 7/7
  3454 | D:5      | Noticed Sigmund
  3454 | D:5      | Noticed Blork the orc
  3466 | D:5      | HP: 7/43 [Sigmund/+0 scythe (4)]
  3467 | D:5      | 3467 ||| READING scroll of teleportation.
  3467 | D:5      | Killed from afar by Blork the orc

Levels and vault maps discovered:
D:1:      reono_arrival_forest_river, layout_basic, serial_rivers,
          chequers_serial_rivers_small_b, chequers_serial_rivers_micro_c,
          chequers_serial_rivers_room_b, chequers_serial_rivers_micro_d,
          chequers_serial_rivers_small_3
D:2:      layout_loops_cross, basic_altar
D:3:      kennysheep_slugbush, layout_rooms, mainiacjoe_overflow_alcove_4,
          mainiacjoe_overflow_chevrons, minmay_close_crescents, uniq_terence
D:4:      layout_cave_pools, mainiacjoe_overflow_six_doors_small,
          kennysheep_mini_moat
D:5:      layout_basic, yredelemnul_altar_generic, uniq_blork_the_orc,
          uniq_grinder, uniq_sigmund, uniq_ijyb

Skill      XL: |  1  2  3  4  5  6 |
---------------+-------------------+-----
Axes           | 2 3 4 5 6 |  6.5
Fighting       | 4 |  4.0
Dodging        | 1 |  1.0
Armour         | |  3.2
Shields        | |  3.2

Action                     |  1- 3 |  4- 6 |  7- 9 || total
---------------------------+-------+-------+-------++-------
  Melee: War axe           |    74 |   184 |    10 ||   268
  Throw: Boomerang         |       |    58 |       ||    58
    Use: Scroll            |     5 |     7 |     1 ||    13
         Potion            |       |     2 |       ||     2
 Armour: Scale mail        |    45 |     9 |       ||    54
         Chain mail        |       |    91 |    12 ||   103
  Dodge: Dodged            |    41 |    69 |     5 ||   115
  Block: Buckler           |    17 |    32 |     4 ||    53

Table legend:
 A = Non-vault XP
 B = Vault XP
 C = Vault XP percentage of total XP
 D = Non-vault monster count
 E = Vault monster count
 F = Vault count percentage of total count
                 A         B        C        D         E       F
            +---------+---------+-------+---------+---------+-------
      Total |     669 |      74 |  10.0 |     106 |      12 |  10.2
            +---------+---------+-------+---------+---------+-------
        D:1 |      27 |       0 |   0.0 |      15 |       0 |   0.0
        D:2 |      93 |       0 |   0.0 |      23 |       0 |   0.0
        D:3 |      45 |      74 |  62.2 |      21 |      12 |  36.4
        D:4 |     329 |       0 |   0.0 |      39 |       0 |   0.0
        D:5 |     175 |       0 |   0.0 |       8 |       0 |   0.0
            +---------+---------+-------+---------+---------+-------
